 Dungeon Crawl Stone Soup version 0.17.0-22-g5edae84 (webtiles) character file.

11527 JudasIscariot the Blocker (level 11, -10/86 HPs)
             Began as a Demonspawn Fighter on Nov 12, 2015.
             Was a High Priest of Trog.
             Shot with a bolt by an orc warlord (11 damage)
             ... on level 2 of the Orcish Mines.
             The game lasted 00:43:36 (11039 turns).

JudasIscariot the Blocker (Demonspawn Fighter)     Turns: 11039, Time: 00:43:36

Health: -10/86     AC: 23    Str: 19    XL:     11   Next: 50%
Magic:  0/6        EV:  6    Int: 10    God:    Trog [*****.]
Gold:   1235       SH:  0    Dex: 10    Spells: 0 memorised, 10 levels left

rFire  + . .     SeeInvis +     X - +4 great mace (antimagic)
rCold  . . .     Clarity  .     Y - +0 plate armour
rNeg   . . .     SustAt   .     (shield currently unavailable)
rPois  .         Gourm    .     R - +1 hat
rElec  .         Spirit   +     u - +0 cloak of Kaozub {MP+9 Dex-3 SInv}
rCorr  .         Warding  .     (no gloves)
rMut   .         Stasis   .     n - +1 pair of boots
MR     ++...                    (no amulet)
Stlth  ..........               o - ring of protection from fire
                                (no ring)

@: regenerating, heavily drained, very resistant to hostile enchantments,
extremely unstealthy
A: horns 1, iridescent scales 2, magic shield, magic regeneration, magic link
a: Berserk, Trog's Hand, Brothers in Arms, Burn Spellbooks, Renounce Religion


You were on level 2 of the Orcish Mines.
You worshipped Trog.
Trog was extremely pleased with you.
You were not hungry.

You visited 2 branches of the dungeon, and saw 12 of its levels.

You collected 1235 gold pieces.

Inventory:

Hand Weapons
 a - a +0 flail
 t - a +0 flail
 U - a +0 battleaxe
 X - a +4 antimagic great mace (weapon)
Armour
 e - a +0 leather armour
 n - a +1 pair of boots (worn)
 u - the +0 cloak of Kaozub (worn) {MP+9 Dex-3 SInv}
   (You found it on level 4 of the Dungeon)

   It affects your dexterity (-3).
   It affects your magic capacity (+9).
   It lets you see invisible.
 E - a +0 large shield
 R - a +1 hat (worn)
 Y - a +0 plate armour (worn)
Jewellery
 h - an uncursed ring of teleportation
 o - a ring of protection from fire (right hand)
 q - an uncursed amulet of clarity
 F - an uncursed amulet of guardian spirit
Wands
 g - a wand of slowing (30)
 i - a wand of fireball (3)
 j - a wand of draining (6)
 v - a wand of teleportation (2)
 H - a wand of invisibility (4)
 L - a wand of digging (5)
 P - a wand of slowing (19)
Scrolls
 b - 3 scrolls of fear
 f - 4 scrolls of recharging {unknown}
 r - 5 scrolls of identify {unknown}
 s - a scroll of enchant weapon {unknown}
 w - 2 scrolls of immolation {unknown}
 y - 2 scrolls of fog
 z - 2 scrolls of teleportation
 A - a scroll of noise {unknown}
 I - a scroll of amnesia {unknown}
 K - a scroll of enchant armour {unknown}
 M - a scroll of blinking {unknown}
 T - a scroll of magic mapping {unknown}
 V - a scroll of remove curse
Potions
 k - 2 potions of beneficial mutation {unknown}
 l - a potion of poison {unknown}
 m - 2 potions of lignification {unknown}
 p - a potion of brilliance {unknown}
 x - 3 potions of ambrosia {unknown}
 B - 2 potions of berserk rage {unknown}
 C - a potion of agility {unknown}
 G - 3 potions of heal wounds {unknown}
 N - 2 potions of degeneration {unknown}
 Q - a potion of curing
Books
 W - Ozocubu's Catalogue of Cold
   (You found it on level 10 of the Dungeon)

   Spells                             Type                      Level
   a - Throw Frost                    Conjuration/Ice              2
   b - Metabolic Englaciation         Hexes/Ice                    5
   c - Simulacrum                     Ice/Necromancy               6
   Trog disapproves of the use of such an item.
Comestibles
 c - 3 fruits
 d - 7 meat rations
 D - 8 bread rations
 J - 12 slices of pizza
 O - a beef jerky
 S - 4 chunks of flesh


   Skills:
 * Level 7.8(6.3) Fighting
 - Level 1.4(3.7) Axes
 * Level 7.9(6.4) Maces & Flails
 * Level 7.8(6.2) Armour
 + Level 3.7(2.3) Dodging
 + Level 0.4(0.0) Stealth
 * Level 10.9(9.2) Shields


You had 10 spell levels left.
You didn't know any spells.

Dungeon Overview and Level Annotations

Branches:
Dungeon (10/15)            Temple (0/1) D:7             Orc (2/4) D:10
   Lair: D:8-11

Altars:
Cheibriados
Gozag
Makhleb
Nemelex Xobeh
Ru
Sif Muna
Trog
The Shining One

Shops:
Orc:2 %


Innate Abilities, Weirdness & Mutations

You have a pair of small horns on your head.
You are mostly covered in iridescent scales (AC +6).
When hurt, damage is shared between your health and your magic reserves.
You regenerate magic rapidly.
When low on magic, you restore magic in place of health.


Message History

Unknown command.
Your ogre hits the orc warlord with a giant club.
Drink which item? (? for menu, Esc to quit)
You feel better.
Your ogre hits the orc warlord with a giant club!
The orc warrior hits you with a mace.
* * * LOW HITPOINT WARNING * * *
You hear a shout! x2
Drink which item? (? for menu, Esc to quit)
You feel better.
You hear a shout!
Your skin crawls.
You feel resistant to hostile enchantments.
You feel slightly more hungry.
You hear a shout!
The orc warlord shoots a bolt.
The bolt hits you!
* * * LOW HITPOINT WARNING * * *
x2 The orc warrior hits you but does no damage.
The orc warlord shoots a bolt.
The bolt hits you!
You die...

....o#....o........###
....####.##......###
o... #####.....## ..
##.#..o.....###
#..)[[........#
#...<........###
#####O.....#......#
##......#####....<###
#.....))o.###@.......
##.......(##.......##
##.......o.o....###
##......O......#
##..........###
###.......## ###.....#
#....## ####.#


You could see an orc warlord, an orc warrior (frenzied) and a friendly ogre
(berserk).

Vanquished Creatures
  Gastronok (D:9)
  2 hill giants (D:10)
  The ghost of JudasIscariot the Shield-Bearer, a novice DsFi of Okawaru (D:6)
  Maurice (D:8)
  A troll (D:10)
  A two-headed ogre (D:9)
  Sigmund (D:2)
  6 yaks (D:9)
  A wyvern (D:5)
  A spriggan (D:9)
  A deep elf mage (D:9)
  2 wargs (Orc:1)
  A wasp (D:10)
  A phantom (D:10)
  3 sky beasts
  12 orc warriors
  4 ogres
  A black bear (D:8)
  7 ice beasts
  2 centaurs
  A big kobold (D:10)
  2 giant frogs (D:9)
  3 scorpions
  15 killer bees
  5 wights (D:6)
  2 centaur zombies
  8 crimson imps
  A centaur skeleton (D:5)
  7 hounds
  5 orc priests
  3 iguanas
  22 orc wizards
  8 worker ants
  3 hell rats (D:8)
  2 worker ant zombies (D:10)
  2 hound skeletons
  3 gnolls (D:5)
  7 river rats
  8 adders
  2 shadow imps
  An adder skeleton (D:9)
  2 adder zombies
  6 worms
  10 giant geckos
  92 orcs
  A ball python (D:4)
  7 bats
  6 giant cockroaches
  7 hobgoblins
  12 kobolds
  4 quokkas
  A giant cockroach zombie (D:6)
  A giant gecko zombie (D:7)
  4 giant newts
  5 goblins
  6 jackals
  A jackal skeleton (D:4)
  A quokka skeleton (D:4)
  42 rats
368 creatures vanquished.

Vanquished Creatures (collateral kills)
  2 killer bees (D:9)
2 creatures vanquished.

Vanquished Creatures (others)
  An orc wizard (D:6)
1 creature vanquished.

Grand Total: 371 creatures vanquished

Notes
Turn   | Place    | Note
--------------------------------------------------------------
     0 | D:1      | JudasIscariot the Demonspawn Fighter began the quest for the Orb.
     0 | D:1      | Reached XP level 1. HP: 18/18 MP: 1/1
    84 | D:1      | Gained mutation: You have a pair of small horns on your head. [demonic ancestry]
    84 | D:1      | Reached XP level 2. HP: 18/24 MP: 2/2
   705 | D:1      | Gained mutation: When hurt, damage is shared between your health and your magic reserves. [demonic ancestry]
   705 | D:1      | Reached XP level 3. HP: 29/29 MP: 3/3
  1335 | D:2      | Noticed Sigmund
  1342 | D:2      | Killed Sigmund
  1342 | D:2      | Reached skill level 1 in Dodging
  1342 | D:2      | Reached XP level 4. HP: 19/37 MP: 2/4
  1342 | D:2      | Gained mutation: You are partially covered in iridescent scales (AC +4). [demonic ancestry]
  1342 | D:2      | Reached XP level 5. HP: 21/42 MP: 2/5
  1648 | D:2      | Reached skill level 4 in Shields
  1948 | D:3      | Noticed a moth of wrath
  1952 | D:3      | Found a bloodstained altar of Trog.
  1986 | D:3      | Became a worshipper of Trog the Wrathful
  2101 | D:3      | Found a glowing golden altar of the Shining One.
  2209 | D:3      | Found a faded altar to an unknown god.
  2214 | D:3      | Reached XP level 6. HP: 43/48 MP: 4/6
  2263 | D:3      | Found an opulent altar of Gozag.
  2264 | D:3      | Found a sparkling altar of Nemelex Xobeh.
  2554 | D:4      | Got a pitted cloak
  2560 | D:4      | Identified the cursed +0 cloak of Kaozub {MP+9 Dex-3 SInv} (You found it on level 4 of the Dungeon)
  2611 | D:4      | Found a snail-covered altar of Cheibriados.
  2915 | D:4      | Reached * piety under Trog
  3176 | D:5      | Entered Level 5 of the Dungeon
  3283 | D:5      | Reached XP level 7. HP: 34/55 MP: 7/7
  3340 | D:5      | Found a sacrificial altar of Ru.
  3434 | D:5      | Noticed a wyvern
  3451 | D:5      | Killed a wyvern
  3629 | D:5      | Found a burning altar of Makhleb.
  3796 | D:5      | Reached skill level 5 in Shields
  3928 | D:6      | Gained mutation: You are mostly covered in iridescent scales (AC +6). [demonic ancestry]
  3928 | D:6      | Reached XP level 8. HP: 61/61 MP: 8/8
  3993 | D:6      | Noticed JudasIscariot's ghost (novice DsFi)
  4049 | D:6      | Killed JudasIscariot's ghost
  4049 | D:6      | Reached skill level 5 in Fighting
  4049 | D:6      | Reached skill level 5 in Armour
  4049 | D:6      | Reached skill level 6 in Shields
  4112 | D:6      | Reached skill level 5 in Maces & Flails
  4679 | D:6      | Reached ** piety under Trog
  4924 | D:6      | Gained mutation: You regenerate magic rapidly. [demonic ancestry]
  4924 | D:6      | Reached XP level 9. HP: 29/68 MP: 9/9
  5094 | D:7      | Found a staircase to the Ecumenical Temple.
  5188 | D:7      | Reached skill level 7 in Shields
  5464 | D:8      | Noticed Maurice
  5474 | D:8      | Killed Maurice
  5595 | D:8      | Found a deep blue altar of Sif Muna.
  5989 | D:8      | Reached skill level 8 in Shields
  6536 | D:8      | Reached *** piety under Trog
  6823 | D:9      | Noticed Gastronok
  6848 | D:9      | Killed Gastronok
  6848 | D:9      | Reached skill level 9 in Shields
  6848 | D:9      | Gained mutation: When low on magic, you restore magic in place of health. [demonic ancestry]
  6848 | D:9      | Reached XP level 10. HP: 77/77 MP: 10/10
  7169 | D:9      | Reached **** piety under Trog
  7425 | D:9      | Reached skill level 10 in Shields
  8414 | D:10     | Entered Level 10 of the Dungeon
  8460 | D:10     | Reached XP level 11. HP: 60/84 MP: 11/11
  9159 | D:10     | Noticed a hill giant
  9168 | D:10     | Killed a hill giant
  9291 | D:10     | Reached ***** piety under Trog
  9347 | D:10     | Identified Ozocubu's Catalogue of Cold
  9355 | D:10     | Noticed a hill giant
  9364 | D:10     | Killed a hill giant
  9364 | D:10     | Reached skill level 1 in Axes
  9444 | D:10     | Found a staircase to the Orcish Mines.
  9554 | D:10     | Received a gift from Trog
  9763 | Orc:1    | Entered Level 1 of the Orcish Mines
 10331 | Orc:2    | Found Faeluq's Food Shoppe.
 10581 | Orc:2    | Noticed an orc warlord
 11033 | Orc:2    | HP: 4/86 [orc warlord/bolt (3)]
 11038 | Orc:2    | HP: 2/86 [orc warlord/bolt (12)]
 11039 | Orc:2    | Shot with a bolt by an orc warlord

Action                   |  1- 3 |  4- 6 |  7- 9 | 10-12 || total
-------------------------+-------+-------+-------+-------++-------
Melee: Flail             |   116 |   171 |   765 |   610 ||  1662
       Great mace        |       |       |       |   199 ||   199
       Battleaxe         |       |       |       |   101 ||   101
Invok: Burn Spellbooks   |       |     1 |       |       ||     1
       Berserk           |       |       |     4 |     2 ||     6
       Trog's Hand       |       |       |     1 |     2 ||     3
       Brothers in Arms  |       |       |       |     2 ||     2
Evoke: Wand              |       |       |     1 |       ||     1
  Use: Scroll            |     3 |     1 |     4 |       ||     8
       Potion            |     1 |       |     3 |     3 ||     7
 Stab: Invisible         |       |       |     1 |       ||     1
  Eat: Chunk             |     1 |     2 |     9 |    14 ||    26
       Bread ration      |     1 |       |       |       ||     1
       Pizza             |       |       |     1 |       ||     1
       Fruit             |       |       |     2 |     1 ||     3
       Meat ration       |       |       |     1 |     1 ||     2
